 Dungeon Crawl Stone Soup version 0.30-a0-234-g97d66968fd (webtiles) character file.

Game seed: 3693987659122484103

760 Morbidden the Conjurer (level 7, 0/56 HPs)
             Began as a Yellow Draconian Conjurer on Oct 10, 2022.
             Was a Follower of Cheibriados.
             Succumbed to their own poison gas
             ... on level 5 of the Dungeon.
             The game lasted 00:05:08 (4380 turns).

Morbidden the Conjurer (Yellow Draconian Conjurer)  Turns: 4380, Time: 00:05:08

Health: 0/56       AC:  6    Str: 11    XL:     7   Next: 50%
Magic:  10/13      EV: 13    Int: 22    God:    Cheibriados [*.....]
Gold:   227        SH:  5    Dex: 12    Spells: 11/14 levels left

rFire   + . .      SeeInvis .      - Unarmed
rCold   . . .      Faith    .    (no shield)
rNeg    . . .      Spirit   .    (body armour unavailable)
rPois   .          Reflect  +    (helmet restricted)
rElec   .          Harm     .    (no cloak)
rCorr   +          Rampage  .    (no gloves)
Will    .....                    (no boots)
Stlth   ++........               p - amulet of reflection
HPRegen 0.29/turn                (no ring)
MPRegen 0.13/turn                v - ring of protection from fire

@: lethally poisoned (0 -> -13), very slow
A: spit acid, AC +6, unfitting armour, cold-blooded, acid resistance
a: Breathe Acid, Renounce Religion, Bend Time


You were on level 5 of the Dungeon.
You worshipped Cheibriados.
Cheibriados was aware of your devotion.
You visited 2 branches of the dungeon, and saw 7 of its levels.

You collected 227 gold pieces.

Inventory:

Missiles
 h - 2 throwing nets
Jewellery
 p - an amulet of reflection (around neck)
 v - a ring of protection from fire (right hand)
Scrolls
 b - 4 scrolls of identify
 f - a scroll of teleportation {unknown}
 i - a scroll of vulnerability {unknown}
 k - 2 scrolls of amnesia
 l - a scroll of butterflies
 m - a scroll of enchant armour {unknown}
 t - a scroll of summoning {unknown}
Potions
 a - 3 potions of magic
 d - a potion of mutation {unknown}
 g - 2 potions of curing
 j - 2 potions of flight {unknown}
 n - a potion of degeneration {unknown}
 o - a potion of might
 q - a potion of invisibility {unknown}
 r - 2 potions of heal wounds {unknown}
 u - a potion of cancellation {unknown}


   Skills:
 * Level 2.6 Fighting
 * Level 3.5 Dodging
 + Level 2.2 Stealth
 + Level 0.8 Shields
 * Level 3.2 Unarmed Combat
 * Level 4.0 Spellcasting
 * Level 5.7 Conjurations
 * Level 1.2 Invocations


You had 11 spell levels left.
You knew the following spells:

 Your Spells              Type           Power      Damage    Failure   Level
a - Magic Dart            Conj           100%       1d8       1%          1
b - Searing Ray           Conj           58%        2d6       1%          2

Your spell library contained the following spells:

 Spells                   Type           Power      Damage    Failure   Level
 Apportation              Tloc           8%         N/A       11%         1
 Necrotise                Necr           16%        1d4       11%         1
 Summon Small Mammal      Summ           16%        N/A       11%         1
 Dazzling Flash           Conj/Hex       34%        N/A       11%         3
 Ensorcelled Hibernation  Hex/Ice        8%         N/A       17%         2
 Passwall                 Tmut/Erth      3%         N/A       17%         2
 Swiftness                Air            4%         N/A       32%         3
 Fulminant Prism          Conj/Hex       8%         3d7       34%         4
 Iskenderun's Mystic Bla  Conj/Tloc      17%        2d5       34%         4


Dungeon Overview and Level Annotations

Branches:
Dungeon (6/15)             Temple (1/1) D:4

Altars:
Ashenzari
Cheibriados
Dithmenos
Elyvilon
Fedhas
Hepliaklqana
Makhleb
Trog
Uskayaw
Vehumet
Wu Jian
Xom
Yredelemnul
Zin


Innate Abilities, Weirdness & Mutations

You can spit globs of acid.
Your golden yellow scales are hard. (AC +6)
You cannot fit into any form of body armour.
You are cold-blooded and may be slowed by cold attacks.
You are resistant to acid. (rCorr)


Message History

Cheibriados thoroughly appreciates the change of pace.
The adder explodes!
The fiery explosion engulfs you! You resist.
The gnoll explodes!
Your butterfly explodes!
The gnoll explodes!
Your butterfly explodes! x4
Your butterfly is engulfed in poison gas.
Your butterfly is poisoned.
You kill your butterfly!
Your butterfly disappears in a burst of colours!
Unknown command.
Unknown command.
Unknown command.
Unknown command.
Unknown command.
Unknown command.
Unknown command.
Unknown command.
Unknown command.
Unknown command.
Unknown command.
Really walk into that cloud of poison gas?
Okay, then.
Okay, then.
Really walk into that cloud of poison gas?
You are engulfed in poison gas.
You are more poisoned.
* * * LOW HITPOINT WARNING * * *
x2 You feel very sick.
You block the gnoll's attack.
Unknown command.
You feel better.
You are engulfed in poison gas.
You are lethally poisoned!
* * * LOW HITPOINT WARNING * * *
x2 You feel very sick.
The gnoll completely misses you.
Unknown command.
Unknown command.
Unknown command.
Unknown command.
You die...

#..# # #§§# . #. #§§#
..#§###§§## ..§§§§§§§.#
..§§§§§§§### ....
#...§§§§§§§§§#
....####...§§§§☼§§§§#
.#..............@#§##
......#........bg#§#
....#.#....b.###.#§##
.........###.###b#§§#####
.........###.#....§§...b#
...))......#.#.##.§§§...#
....#....†....g...§§§...#
..# #####..#.#.##.......#
# #..#.b.##....=..#


You could see a gnoll.

Vanquished Creatures
  Sigmund (D:3)
  Pargi (D:3)
  An ogre (D:5)
  2 scorpions
  A jelly (D:6)
  2 iguanas
  An orc wizard (D:4)
  10 gnolls
  An adder (D:5)
  A shadow imp (D:5)
  3 ufetubi
  A dart slug (D:1)
  10 orcs
  5 ball pythons
  3 endoplasms
  4 giant cockroaches
  10 goblins
  7 hobgoblins
  3 jackals (D:1)
  4 kobolds
  5 quokkas
  5 bats
  2 rats (D:3)
83 creatures vanquished.

Notes
Turn   | Place    | Note
-------+----------+-------------------------------------------
     0 | D:1      | Morbidden the Draconian Conjurer began the quest for the
                  | Orb.
     0 | D:1      | Reached XP level 1. HP: 14/14 MP: 3/3
   178 | D:1      | Reached XP level 2. HP: 18/20 MP: 5/5
   585 | D:1      | Reached skill level 1 in Unarmed Combat
  1079 | D:2      | Learned a level 2 spell: Searing Ray
  1101 | D:2      | Found a faded altar of an unknown god.
  1133 | D:2      | Reached XP level 3. HP: 27/27 MP: 1/6
  1342 | D:2      | Reached skill level 1 in Fighting
  1349 | D:2      | Reached XP level 4. HP: 18/35 MP: 2/7
  2436 | D:3      | Noticed Pargi
  2450 | D:3      | Killed Pargi
  2451 | D:3      | Reached XP level 5. HP: 31/40 MP: 0/9
  2724 | D:3      | Found a broken altar of Ashenzari.
  3063 | D:3      | Noticed Sigmund
  3075 | D:3      | Killed Sigmund
  3076 | D:3      | Reached skill level 5 in Conjurations
  3076 | D:3      | Reached XP level 6. HP: 47/48 MP: 2/11
  3250 | D:3      | Found a radiant altar of Vehumet.
  3475 | D:4      | Found a staircase to the Ecumenical Temple.
  3496 | Temple   | Entered the Ecumenical Temple
  3633 | Temple   | Became a worshipper of Cheibriados the Contemplative
  3876 | D:4      | You fall into a shaft and drop 2 floors!
  4003 | D:6      | Your scales start taking on a golden yellow colour.
  4003 | D:6      | Reached XP level 7. HP: 56/56 MP: 6/12
  4003 | D:6      | Gained mutation: You are resistant to acid. (rCorr) [Yellow
                  | Draconian growth]
  4079 | D:5      | Entered Level 5 of the Dungeon
  4247 | D:5      | Reached skill level 1 in Invocations
  4377 | D:5      | Reached * piety under Cheibriados
  4380 | D:5      | Succumbed to their own poison gas

Illustrated notes

Levels and vault maps discovered:
D:1:      erik_arrival_cave_to_civilisation [erik_arrival_cave_to_hall],
          layout_rooms, serial_curves, eino_curves_04, eino_curves_01,
          minmay_misc_feat_four_crosses, columned_hall_lemuel
D:2:      kennysheep_the_goblin_king, layout_basic,
          ebering_ecumenical_altar_rust
D:3:      wad_pebble_path, layout_basic, mainiacjoe_overflow_catch_the_wave,
          minmay_misc_feat_tower, minmay_misc_feat_secret_circle,
          kennysheep_generic_room_9, uniq_sigmund, uniq_pargi
D:4:      layout_cave_pods, temple_pool_b, cheibrodos_gnoll_hut
D:5:      layout_rooms
D:6:      minmay_diamond_boxcup, layout_rooms
Temple:   minmay_crystal_spiral_temple

Skill      XL: |  1  2  3  4  5  6  7 |
---------------+----------------------+-----
Unarmed Combat | 1 2 3 |  3.2
Dodging        | 2 3 |  3.5
Fighting       | 1 2 |  2.6
Stealth        | 2 |  2.2
Spellcasting   | 3 4 |  4.0
Conjurations   | 5 |  5.7
Invocations    | 1 |  1.2
Shields        | |  0.8

Action                   |  1- 3 |  4- 6 |  7- 9 || total
-------------------------+-------+-------+-------++-------
Melee: Unarmed           |    80 |    24 |    24 ||   128
       Tailslap          |    11 |     2 |     2 ||    15
       Punch             |       |     1 |     1 ||     2
 Cast: Magic Dart        |    47 |    68 |    17 ||   132
       Searing Ray       |       |     7 |     3 ||    10
 Abil: Breathe Acid      |       |       |     3 ||     3
  Use: Potion            |     2 |       |     1 ||     3
       Scroll            |       |       |     4 ||     4
 Stab: Sleeping          |     2 |       |       ||     2
Armor: Skin              |    22 |    21 |    21 ||    64
Dodge: Dodged            |    55 |    44 |    48 ||   147
Block: Other             |       |     6 |    19 ||    25

Table legend: (Time is in decaauts)
 A = Elapsed time spent in this place.
 B = Non-inter-level travel time spent in this place.
 C = Inter-level travel time spent in this place.
 D = Time resting spent in this place.
 E = Time spent auto-exploring this place.
 F = Levels seen in this place.
 G = Mean time per level.
                   A        B        C        D        E       F      G
               +--------+--------+--------+--------+--------+-----+--------+
         Total |   4470 |   4292 |    178 |     64 |   3633 |   7 |  638.6 |
       Dungeon |   4264 |   4153 |    111 |     64 |   3514 |   6 |  710.7 |
        Temple |    205 |    138 |     67 |      0 |    119 |   1 |  205.0 |
               +--------+--------+--------+--------+--------+-----+--------+

Top non-repeatable levels by time:
     D:2: 1316 daAuts
     D:1: 1074 daAuts
     D:3: 1047 daAuts
     D:5: 325 daAuts
     D:4: 281 daAuts
     D:6: 219 daAuts
  Temple: 205 daAuts
